 Dungeon Crawl Stone Soup version 0.30-a0-965-g42e074c17a (webtiles) character file.

Game seed: 12225827300261369124

158 Ahpoh the Slasher (level 5, -2/32 HPs)
             Began as a Gargoyle Gladiator on Mar 30, 2023.
             Killed from afar by an orc wizard (5 damage)
             ... with a puff of flame
             ... on level 3 of the Dungeon.
             The game lasted 00:05:45 (2340 turns).

Ahpoh the Slasher (Gargoyle Gladiator)              Turns: 2340, Time: 00:05:46

Health: -2/32      AC: 16    Str: 18    XL:     5   Next: 40%
Magic:  5/5        EV:  8    Int:  8    God:
Gold:   76         SH:  0    Dex: 13    Spells: 4/4 levels left

rFire   . . .      SeeInvis .    a - +0 long sword
rCold   . . .      Faith    .    (no shield)
rNeg    + . .      Spirit   .    o - +0 chain mail
rPois   ∞          Reflect  .    c - +0 helmet
rElec   +          Rampage  .    f - +0 cloak
rCorr   .                        k - +0 pair of gloves
Will    .....                    (no boots) Stlth
                                 (no amulet)
HPRegen 0.25/turn                (no ring)
MPRegen 0.09/turn                (no ring)

@: confused
A: sickness immunity, AC +4, negative energy resistance 1, electricity
resistance, torment resistance 1, petrification resistance
a: no special abilities


You were on level 3 of the Dungeon.
You visited 1 branch of the dungeon, and saw 3 of its levels.

You collected 76 gold pieces.

Inventory:

Hand Weapons
 a - a +0 long sword (weapon)
Missiles
 d - 3 throwing nets (quivered)
 e - a javelin
Armour
 b - a +0 leather armour
 c - a +0 helmet (worn)
 f - a +0 cloak (worn)
 k - a +0 pair of gloves (worn)
 o - a +0 chain mail (worn)
Jewellery
 h - a ring of poison resistance
Scrolls
 n - a scroll of amnesia {unknown}
 p - a scroll of identify {unknown}
Potions
 g - a potion of might {unknown}
 i - 2 potions of brilliance {unknown}
 j - 2 potions of flight {unknown}
 l - 2 potions of curing {unknown}
 m - 3 potions of heal wounds {unknown}


   Skills:
 + Level 3.1 Fighting
 + Level 3.7 Long Blades
 + Level 1.8 Throwing
 + Level 2.2 Armour
 + Level 3.3 Dodging


You had 4 spell levels left.
You didn't know any spells.
Your spell library contained the following spells:

 Spells                   Type           Power      Damage    Failure   Level
 Gell's Gravitas          Tloc           0%         N/A       100%        3
 Teleport Other           Tloc           0%         N/A       100%        3
 Dispel Undead            Necr           0%         3d6       100%        4
 Death Channel            Necr           0%         N/A       100%        6
 Dispersal                Tloc           0%         N/A       100%        6
 Chain Lightning          Conj/Air       0%         N/A       100%        9
 Fire Storm               Conj/Fire      0%         5d1       100%        9
 Shatter                  Erth           0%         3d5*      100%        9
 Cigotuvi's Dreadful Rot  Necr/Pois/Air  Unusable   N/A       N/A         2

Dungeon Overview and Level Annotations

Branches:
Dungeon (3/15)

Altars:

Shops:
D:2 !*[*!   D:3 =


Innate Abilities, Weirdness & Mutations

You are immune to sickness and miasma.
Your stone body is resilient. (AC +4)
You are immune to poison.
You resist negative energy. (rN+)
You are resistant to electric shocks. (rElec)
You are resistant to unholy torment.
You are immune to petrification.


Message History

Things that are here:
a +0 falchion; a +0 chain mail
Things that are here:
a +3 dagger; an orc corpse You closely miss something.
Something hits you but does no damage. Something hits you but does no damage.
You bump into the rock wall.
You feel less confused. Something hits you.
Something hits you but does no damage.
You hit something. Something hits you but does no damage.
You hear some strange, mumbled words.
A puff of flame appears from out of thin air!
The puff of flame hits you.
* * * LOW HITPOINT WARNING * * *
You miss something. Something hits you but does no damage.
You closely miss something.
An orc wizard appears from thin air!
Reactivating autopickup.
The orc wizard hits you with a +0 dagger.
* * * LOW HITPOINT WARNING * * *
You hit the orc wizard but do no damage.
The orc wizard is moderately wounded.
The orc wizard closely misses you.
You miss the orc wizard.
The orc wizard is moderately wounded.
The orc wizard barely misses you.
You miss the orc wizard.
The orc wizard is moderately wounded.
The orc wizard hits you but does no damage. x2
You hit the orc wizard.
The orc wizard is heavily wounded.
The orc wizard hits you with a +0 dagger.
* * * LOW HITPOINT WARNING * * *
You hit the orc wizard.
The orc wizard is severely wounded.
The orc wizard points at you and mumbles some strange words.
You are confused.
The orc wizard points at you and mumbles some strange words.
The puff of flame hits you.
You die...

############.#
#.# #.# #.#
#.#### #....#
####)#
#o######.#
#.@......#
##########


You could see an orc wizard.

Vanquished Creatures
  Robin (D:2)
  4 gnolls
  2 adders
  2 worms
  2 dart slugs (D:2)
  3 orcs (D:3)
  5 ball pythons
  6 bats
  6 endoplasms
  3 giant cockroaches
  14 goblins
  10 hobgoblins
  4 kobolds
  3 quokkas
  2 frilled lizards
  4 rats
71 creatures vanquished.

Notes
Turn   | Place    | Note
-------+----------+-------------------------------------------
     0 | D:1      | Ahpoh the Gargoyle Gladiator began the quest for the Orb.
     0 | D:1      | Reached XP level 1. HP: 12/12 MP: 1/1
   105 | D:1      | Reached XP level 2. HP: 13/17 MP: 2/2
   374 | D:1      | Reached XP level 3. HP: 20/22 MP: 3/3
   864 | D:2      | Found Acwopn's General Store.
   894 | D:2      | Found Ilauw's Armour Boutique.
   948 | D:2      | Found Dime's Assorted Antiques.
   960 | D:2      | Found Xyggy's Distillery.
  1016 | D:2      | Noticed Robin
  1119 | D:2      | Killed Robin
  1120 | D:2      | Reached XP level 4. HP: 27/27 MP: 4/4
  1183 | D:2      | Found Kyseh's Distillery.
  1351 | D:2      | Reached skill level 1 in Armour
  1540 | D:2      | Reached XP level 5. HP: 23/32 MP: 5/5
  2179 | D:3      | Found Seiniup's Jewellery Emporium.
  2340 | D:3      | Killed from afar by an orc wizard

Illustrated notes

Levels and vault maps discovered:
D:1:      minmay_arrival_solitary_statue, layout_basic, bh_walls_and_bars
D:2:      wad_crossroads, layout_basic, serial_shops, shop, shop,
          nicolae_shop_window_shopping, nicolae_shop_stone, shop,
          minmay_small_reverse_x, uniq_robin
D:3:      layout_basic, serial_shops, shop_fountains, shop,
          nicolae_shop_waterfront, nicolae_shop_bloodbath_and_beyond,
          nicolae_shop_behind_doors

Skill      XL: |  1  2  3  4  5 |
---------------+----------------+-----
Long Blades    | 3 |  3.7
Dodging        | 3 |  3.3
Armour         | 1 2 |  2.2
Fighting       | 3 |  3.1
Throwing       | |  1.8

Action                     |  1- 3 |  4- 6 || total
---------------------------+-------+-------++-------
  Melee: Long sword        |   156 |   133 ||   289
         Punch             |     1 |     1 ||     2
 Armour: Leather armour    |   121 |    14 ||   135
         Chain mail        |       |    78 ||    78
  Dodge: Dodged            |   194 |    69 ||   263

Table legend: (Time is in decaauts)
 A = Elapsed time spent in this place.
 B = Non-inter-level travel time spent in this place.
 C = Inter-level travel time spent in this place.
 D = Time resting spent in this place.
 E = Time spent auto-exploring this place.
 F = Levels seen in this place.
 G = Mean time per level.
                   A        B        C        D        E       F      G
               +--------+--------+--------+--------+--------+-----+--------+
         Total |   2407 |   2407 |      0 |    195 |   1310 |   3 |  802.3 |
       Dungeon |   2407 |   2407 |      0 |    195 |   1310 |   3 |  802.3 |
               +--------+--------+--------+--------+--------+-----+--------+

Top non-repeatable levels by time:
     D:2: 1098 daAuts
     D:1: 1008 daAuts
     D:3: 300 daAuts
